 Dungeon Crawl Stone Soup version 0.29.1-15-g9cfb28693d (webtiles) character file.

Game seed: 8127278841464128297

4971 croobank the Magician (level 10, -9/67 HPs)
             Began as a Gnoll Fire Elementalist on Apr 1, 2023.
             Was a Believer of Hepliaklqana.
             Mangled by a boulder beetle (14 damage)
             ... on level 10 of the Dungeon.
             The game lasted 01:19:27 (11128 turns).

croobank the Magician (Gnoll Fire Elementalist)    Turns: 11128, Time: 01:19:28

Health: -9/67      AC: 20    Str:  7    XL:     10   Next: 53%
Magic:  4/21       EV: 14    Int: 20    God:    Hepliaklqana [**....]
Gold:   282        SH:  0    Dex: 12    Spells: 17/24 levels left

rFire   + . .      SeeInvis +   Q - +4 scimitar (spect)
rCold   . . .      Faith    .   (no shield)
rNeg    . . .      Spirit   .   e - +2 leather armour of the Lute {rC+ SInv}
rPois   .          Reflect  .   q - +2 helmet
rElec   .          Harm     .   n - +2 cloak {rCorr}
rCorr   +          Rampage  .   D - +2 pair of gloves
Will    .....                   h - +0 pair of boots
Stlth   +++.......              (no amulet)
HPRegen 0.21/turn               l - +4 ring of protection
MPRegen 0.17/turn               K - ring of fire

@: no status effects
A: reduced essence, fangs 1, strong nose, distributed training
a: Renounce Religion, Recall Ancestor, Ancestor Identity


You were on level 10 of the Dungeon.
You worshipped Hepliaklqana.
Hepliaklqana was pleased with you.
You visited 1 branch of the dungeon, and saw 10 of its levels.

You collected 688 gold pieces.
You spent 406 gold pieces at shops.

Inventory:

Hand Weapons
 c - a +0 dagger
 g - a +2 dagger of draining
 m - a +1 vampiric spear
 p - a +3 quarterstaff of chaos
 y - a +0 dagger of venom
 C - a +2 vorpal flail
 J - a +0 dagger of holy wrath
 L - a +1 whip of electrocution
 O - a +3 hand axe
 Q - a +4 spectral scimitar (weapon)
Missiles
 u - 5 silver boomerangs
 w - 4 poisoned darts
Armour
 e - the +2 leather armour of the Lute (worn) {rC+ SInv}
   (You found it on level 2 of the Dungeon)

   rC:        It protects you from cold.
   SInv:      It lets you see invisible.
 h - a +0 pair of boots (worn)
 k - a +2 kite shield
 n - a +2 cloak of preservation (worn)
 q - a +2 helmet (worn)
 t - a +3 leather armour
 D - a +2 pair of gloves (worn)
 H - the +4 leather armour "Gorr" {Harm rF+ rC+ Slay-3}
   (You bought it in a shop on level 8 of the Dungeon)

   Slay:      It affects your accuracy & damage with ranged weapons and melee
   (-3).
   rF:        It protects you from fire.
   rC:        It protects you from cold.
   Harm:      It increases damage dealt and taken.
 X - +0 acid dragon scales
Magical Staves
 U - a staff of poison
Jewellery
 l - a +4 ring of protection (left hand)
 A - a ring of positive energy
 K - a ring of fire (right hand)
 M - a +4 ring of protection
 P - a ring of flight
Wands
 x - a wand of paralysis (7)
 N - a wand of mindburst (17)
Scrolls
 v - a scroll of teleportation
 E - 2 scrolls of identify
 F - a scroll of silence
 I - a scroll of immolation
 R - a scroll of fear
 S - 2 scrolls of blinking
 W - a scroll of amnesia
Potions
 a - 2 potions of haste
 b - a potion of magic
 d - 2 potions of might
 f - 2 potions of resistance
 i - a potion of flight
 j - 4 potions of attraction
 o - 3 potions of cancellation
 r - 4 potions of curing
 s - a potion of ambrosia
 z - 3 potions of mutation
 B - a potion of brilliance
 G - a potion of invisibility
 T - a potion of lignification


   Skills:
 + Level 5.6 Fighting
 + Level 5.6 Short Blades
 + Level 5.6 Long Blades
 + Level 5.6 Axes
 + Level 5.6 Maces & Flails
 + Level 5.6 Polearms
 + Level 5.6 Staves
 + Level 5.6 Ranged Weapons
 + Level 5.6 Throwing
 + Level 5.6 Armour
 + Level 7.3 Dodging
 + Level 7.0 Stealth
 + Level 5.6 Shields
 + Level 5.6 Unarmed Combat
 + Level 7.6 Spellcasting
 + Level 5.1 Conjurations
 + Level 4.6 Hexes
 + Level 4.6 Summonings
 + Level 4.6 Necromancy
 + Level 4.6 Translocations
 + Level 4.6 Transmutations
 + Level 7.2 Fire Magic
 + Level 4.6 Ice Magic
 + Level 4.6 Air Magic
 + Level 4.6 Earth Magic
 + Level 4.6 Poison Magic
 + Level 6.1 Invocations
 + Level 5.6 Evocations


You had 17 spell levels left.
You knew the following spells:

 Your Spells              Type           Power      Damage    Failure   Level
a - Foxfire               Conj/Fire      100%       2x1d9     1%          1
b - Scorch                Fire           100%       2d10      1%          2
c - Flame Wave            Conj/Fire      48%        2d12      10%         4

Your spell library contained the following spells:

 Spells                   Type           Power      Damage    Failure   Level
 Conjure Flame            Conj/Fire      48%        6-21      3%          3
 Inner Flame              Hex/Fire       47%        N/A       3%          3
 Dazzling Flash           Conj/Hex       54%        N/A       4%          3
 Gell's Gravitas          Tloc           26%        N/A       5%          3
 Teleport Other           Tloc           26%        N/A       5%          3
 Agony                    Necr           26%        N/A       45%         5
 Silence                  Hex/Air        13%        N/A       45%         5
 Dispersal                Tloc           13%        N/A       96%         6


Dungeon Overview and Level Annotations

Branches:
Dungeon (10/15)            Temple (0/1) D:5            Lair (0/5) D:8
    Orc (0/2) D:10

Altars:
Elyvilon
Gozag
Hepliaklqana
Makhleb
Nemelex Xobeh
Okawaru
Qazlal
Trog
Vehumet
Wu Jian
Zin
The Shining One

Shops:
D:8 ?:=[


Innate Abilities, Weirdness & Mutations

Your life essence is reduced to manifest your ancestor. (-10% HP)
You have very sharp teeth.
Your uncanny sense of smell can sniff out nearby items.
Your experience applies equally to all skills.


Message History

Casting: Foxfire (safe; 1% risk of failure)
Confirm with . or Enter, or press ? or * to list all spells.
You feel a surge of power!
You conjure some foxfire!
The foxfire hits the boulder beetle.
The boulder beetle is heavily wounded.
The foxfire hits the boulder beetle.
The boulder beetle is severely wounded.
Casting: Foxfire (safe; 1% risk of failure)
Confirm with . or Enter, or press ? or * to list all spells.
You feel a surge of power!
Flames lash the boulder beetle but do no damage.
The foxfire hits the boulder beetle but does no damage.
The boulder beetle is severely wounded.
The foxfire hits the boulder beetle but does no damage.
The boulder beetle is severely wounded.
Casting: Scorch (safe; 1% risk of failure)
Confirm with . or Enter, or press ? or * to list all spells.
You feel a surge of power!
Flames lash the boulder beetle but do no damage.
Okay, then.
Casting: Scorch (safe; 1% risk of failure)
Confirm with . or Enter, or press ? or * to list all spells.
You feel a surge of power!
Flames lash the boulder beetle.
The boulder beetle is severely wounded.
The boulder beetle's fire resistance burns away.
You hear the faint creaking of a portcullis nearby.
The boulder beetle completely misses you.
The boulder beetle stops rolling and uncurls.
Casting: Scorch (safe; 1% risk of failure)
Confirm with . or Enter, or press ? or * to list all spells.
You feel a surge of power!
Flames lash the boulder beetle but do no damage.
The boulder beetle bites you!!
* * * LOW HITPOINT WARNING * * *
Aiming: Paralyse
Press: ? - help, Shift-Dir - straight line, f - boulder beetle
Aim: a boulder beetle (severely wounded, more vulnerable to fire, chance to affect: 45%)
The boulder beetle resists with some effort.
The boulder beetle bites you!
You die...

∩,~,**,** *,,,,,,,,,,***,,,,.....
,,~,,,,,* *,,,,,,,,,,,,,,,,,,....
~~~,**,,***,∆,,,,,,**,,,,,,,**#..
,,,,*,,,,,,,,,**,,,*#.#*,**,* #..
,,>,,,,,,#.**,******#..,,**,* #..
*****,*,,...#,*######.#****,# #..
*,**,#....##...##.#####.###..
*,**,#.....†...##.........#..
*,,,,..[..##@B.##....##*#.##.
*****###***##.........###.###
####.......##.##. ##......##....
#...........#. #.##.####.)...
#.*###....#### #.* #.....,,. #.*
#....##*#


You could see a boulder beetle (combustible).

Vanquished Creatures
  A two-headed ogre (D:8)
  Maurice (D:8)
  Prince Ribbit (D:8)
  A wyvern (D:9)
  Menkaure (D:5)
  An acid dragon (D:9)
  A black bear (D:6)
  A sky beast (D:7)
  An orc warrior (D:9)
  An ice beast (D:7)
  3 ogres
  4 centaurs
  A bullfrog (D:7)
  A gnoll sergeant (D:7)
  2 necrophages
  3 scorpions
  6 wights
  3 killer bees
  5 howler monkeys
  2 hounds
  2 orc priests (D:3)
  A gnoll bouda (D:8)
  Crazy Yiuf (D:2)
  Jessica (D:3)
  3 orc wizards
  Ijyb (D:4)
  3 iguanas
  Robin (D:2)
  17 gnolls
  8 adders
  A shadow imp (D:6)
  3 white imps
  3 worms (D:2)
  A dart slug (D:3)
  25 orcs
  4 endoplasms
  A giant cockroach (D:2)
  7 goblins
  9 hobgoblins
  6 jackals (D:1)
  3 kobolds
  A quokka (D:5)
  5 ball pythons
  7 bats
  A frilled lizard (D:1)
  3 rats
158 creatures vanquished.

Vanquished Creatures (collateral kills)
  A vampire (D:9)
  A sky beast (D:7)
  A bullfrog (D:7)
  A necrophage (D:6)
  2 wights (D:7)
  3 killer bees
  2 howler monkeys
  An orc priest (D:9)
  2 gnolls (D:8)
  2 orcs
16 creatures vanquished.

Vanquished Creatures (others)
  A battlemage (D:10)
  4 ancestors
  191 foxfires
196 creatures vanquished.

Grand Total: 370 creatures vanquished

Notes
Turn   | Place    | Note
-------+----------+-------------------------------------------
     0 | D:1      | croobank the Gnoll Fire Elementalist began the quest for
                  | the Orb.
     0 | D:1      | Reached XP level 1. HP: 13/13 MP: 6/6
   146 | D:1      | Reached XP level 2. HP: 19/19 MP: 4/7
   149 | D:1      | Learned a level 2 spell: Scorch
   566 | D:1      | Reached skill level 5 in Spellcasting
   566 | D:1      | Reached XP level 3. HP: 25/25 MP: 2/9
   951 | D:2      | Noticed Robin
   984 | D:2      | Reached skill level 1 in Invocations
  1324 | D:2      | Identified the +2 leather armour of the Lute {rC+ SInv}
  1400 | D:2      | Reached skill level 1 in Fighting
  1400 | D:2      | Reached skill level 1 in Short Blades
  1400 | D:2      | Reached skill level 1 in Long Blades
  1400 | D:2      | Reached skill level 1 in Axes
  1400 | D:2      | Reached skill level 1 in Maces & Flails
  1400 | D:2      | Reached skill level 1 in Polearms
  1400 | D:2      | Reached skill level 1 in Staves
  1400 | D:2      | Reached skill level 1 in Ranged Weapons
  1400 | D:2      | Reached skill level 1 in Throwing
  1400 | D:2      | Reached skill level 1 in Armour
  1400 | D:2      | Reached skill level 1 in Shields
  1400 | D:2      | Reached skill level 1 in Unarmed Combat
  1400 | D:2      | Reached skill level 1 in Evocations
  1602 | D:2      | Reached XP level 4. HP: 32/32 MP: 3/11
  2017 | D:2      | Found a runed translucent door.
  2018 | D:2      | Noticed Crazy Yiuf
  2026 | D:2      | Killed Crazy Yiuf
  2027 | D:2      | Reached skill level 1 in Hexes
  2027 | D:2      | Reached skill level 1 in Summonings
  2027 | D:2      | Reached skill level 1 in Necromancy
  2027 | D:2      | Reached skill level 1 in Translocations
  2027 | D:2      | Reached skill level 1 in Transmutations
  2027 | D:2      | Reached skill level 1 in Ice Magic
  2027 | D:2      | Reached skill level 1 in Air Magic
  2027 | D:2      | Reached skill level 1 in Earth Magic
  2027 | D:2      | Reached skill level 1 in Poison Magic
  2192 | D:2      | Killed Robin
  2267 | D:2      | Found a faded altar of an unknown god.
  2489 | D:3      | Reached XP level 5. HP: 34/37 MP: 4/12
  3316 | D:3      | Noticed Jessica
  3319 | D:3      | Killed Jessica
  3320 | D:3      | Reached XP level 6. HP: 44/44 MP: 9/14
  3382 | D:3      | Reached skill level 5 in Dodging
  3998 | D:4      | Found a burning altar of Makhleb.
  4036 | D:4      | Found a hazy altar of Hepliaklqana.
  4043 | D:4      | Became a worshipper of Hepliaklqana the Forgotten
  4064 | D:4      | Noticed Ijyb
  4073 | D:4      | Killed Ijyb
  4394 | D:4      | Found a bloodstained altar of Trog.
  4644 | D:4      | Found an iron altar of Okawaru.
  5068 | D:4      | Learned a level 4 spell: Flame Wave
  5146 | D:5      | Entered Level 5 of the Dungeon
  5171 | D:5      | Reached XP level 7. HP: 51/51 MP: 5/15
  5395 | D:5      | Reached * piety under Hepliaklqana
  5455 | D:5      | Found a staircase to the Ecumenical Temple.
  5528 | D:5      | Noticed Menkaure
  5533 | D:5      | Killed Menkaure
  5534 | D:5      | Reached skill level 5 in Stealth
  6342 | D:6      | Reached XP level 8. HP: 52/52 MP: 9/16
  7579 | D:7      | Reached XP level 9. HP: 39/58 MP: 3/18
  9037 | D:8      | Found Woimu's Jewellery Shop.
  9046 | D:8      | Noticed Maurice
  9061 | D:8      | Reached skill level 5 in Invocations
  9381 | D:8      | Killed Maurice
  9460 | D:8      | Noticed a two-headed ogre
  9468 | D:8      | Killed a two-headed ogre
  9469 | D:8      | Reached skill level 5 in Fighting
  9469 | D:8      | Reached skill level 5 in Short Blades
  9469 | D:8      | Reached skill level 5 in Long Blades
  9469 | D:8      | Reached skill level 5 in Axes
  9469 | D:8      | Reached skill level 5 in Maces & Flails
  9469 | D:8      | Reached skill level 5 in Polearms
  9469 | D:8      | Reached skill level 5 in Staves
  9469 | D:8      | Reached skill level 5 in Ranged Weapons
  9469 | D:8      | Reached skill level 5 in Throwing
  9469 | D:8      | Reached skill level 5 in Armour
  9469 | D:8      | Reached skill level 5 in Shields
  9469 | D:8      | Reached skill level 5 in Unarmed Combat
  9469 | D:8      | Reached skill level 5 in Evocations
  9469 | D:8      | Reached XP level 10. HP: 50/66 MP: 8/20
  9679 | D:8      | Found Vafaella's Antique Armour Shop.
  9682 | D:8      | Bought a crude leather armour for 168 gold pieces
  9682 | D:8      | Identified the +4 leather armour "Gorr" {Harm rF+ rC+
                  | Slay-3} (You bought it in a shop on level 8 of the Dungeon)
  9739 | D:8      | Reached ** piety under Hepliaklqana
  9740 | D:8      | Remembered your ancestor Æthelred as a battlemage
  9749 | D:8      | Noticed Prince Ribbit
  9753 | D:8      | Killed Prince Ribbit
  9821 | D:8      | Found a staircase to the Lair.
  9854 | D:8      | Found Loruarash's Book Boutique.
  9949 | D:8      | Found Ziwn's Magic Scroll Boutique.
  9958 | D:8      | Bought a scroll of brand weapon for 133 gold pieces
  9958 | D:8      | Bought a scroll of magic mapping for 105 gold pieces
 10116 | D:9      | Found a sparkling altar of Nemelex Xobeh.
 10311 | D:9      | Reached skill level 5 in Conjurations
 10652 | D:9      | Found an opulent altar of Gozag.
 10660 | D:9      | Found a stormy altar of Qazlal.
 10665 | D:9      | Found a white marble altar of Elyvilon.
 10672 | D:9      | Found an ornate altar of the Wu Jian Council.
 10677 | D:9      | Found a glowing silver altar of Zin.
 10688 | D:9      | Found a glowing golden altar of the Shining One.
 10695 | D:9      | Found a radiant altar of Vehumet.
 11077 | D:10     | Entered Level 10 of the Dungeon
 11108 | D:10     | Noticed a boulder beetle
 11128 | D:10     | Mangled by a boulder beetle

Illustrated notes

Levels and vault maps discovered:
D:1:      dpeg_arrival_connections, layout_rooms
D:2:      layout_basic, hellmonk_ecumenical_altar_leap_of_faith,
          uniq_crazy_yiuf_cottage, uniq_robin
D:3:      layout_basic, uniq_jessica
D:4:      layout_loops_ring, nicolae_overflow_crystal_walls,
          lightli_temple_of_fire, mainiacjoe_overflow_24_doors,
          lemuel_crystal_altar, uniq_ijyb
D:5:      layout_layer_cave, minmay_temple_entry_nine_rooms, minmay_hedge_maze,
          uniq_menkaure
D:6:      layout_basic
D:7:      layout_loops_corners
D:8:      layout_cave_pools, lair_entry_dummy, serial_shops,
          nicolae_shop_behind_doors, nicolae_shop_stone, nicolae_stop_n_shop_1,
          nicolae_shop_advertising_works [nicolae_subvault_shop_adworks],
          hangedman_abyss_or_decor_slice, uniq_maurice, uniq_prince_ribbit1
D:9:      layout_roguey, amcnicky_altar_gilded, grunt_temple_overflow_octagram
D:10:     layout_loops_cross, gammafunk_ghost_wrathful_warriors, enter_bailey_5,
          uniq_grum

Skill      XL: |  1  2  3  4  5  6  7  8  9 10 |
---------------+-------------------------------+-----
Conjurations   | 2 3 4 5 |  5.1
Spellcasting   | 5 6 7 |  7.6
Invocations    | 1 2 3 4 5 6 |  6.1
Fighting       | 1 2 3 5 |  5.6
Short Blades   | 1 2 3 5 |  5.6
Long Blades    | 1 2 3 5 |  5.6
Axes           | 1 2 3 5 |  5.6
Maces & Flails | 1 2 3 5 |  5.6
Polearms       | 1 2 3 5 |  5.6
Staves         | 1 2 3 5 |  5.6
Ranged Weapons | 1 2 3 5 |  5.6
Throwing       | 1 2 3 5 |  5.6
Armour         | 1 2 3 5 |  5.6
Shields        | 1 2 3 5 |  5.6
Unarmed Combat | 1 2 3 5 |  5.6
Evocations     | 1 2 3 5 |  5.6
Hexes          | 1 2 3 4 |  4.6
Summonings     | 1 2 3 4 |  4.6
Necromancy     | 1 2 3 4 |  4.6
Translocations | 1 2 3 4 |  4.6
Transmutations | 1 2 3 4 |  4.6
Ice Magic      | 1 2 3 4 |  4.6
Air Magic      | 1 2 3 4 |  4.6
Earth Magic    | 1 2 3 4 |  4.6
Poison Magic   | 1 2 3 4 |  4.6
Dodging        | 5 6 7 |  7.3
Stealth        | 5 6 7 |  7.0
Fire Magic     | 6 7 |  7.2

Action                   |  1- 3 |  4- 6 |  7- 9 | 10-12 || total
-------------------------+-------+-------+-------+-------++-------
Melee: Dagger            |     6 |    43 |   119 |       ||   168
       Bite              |     1 |     7 |    14 |     1 ||    23
       Punch             |       |     1 |     6 |     1 ||     8
       Scimitar          |       |       |       |    19 ||    19
 Cast: Foxfire           |    31 |    35 |    44 |     5 ||   115
       Scorch            |    16 |    67 |   104 |    25 ||   212
Invok: Ancestor Life: Ba |       |       |       |     1 ||     1
Evoke: Wand              |       |       |     1 |     1 ||     2
  Use: Scroll            |     3 |     7 |     7 |     6 ||    23
       Potion            |       |       |     1 |       ||     1
 Stab: Sleeping          |     1 |       |     4 |       ||     5
       Distracted        |       |       |       |     1 ||     1
Armor: Leather armour    |     1 |    14 |    66 |     7 ||    88
       Robe              |     1 |       |       |       ||     1
Dodge: Dodged            |    13 |    29 |    92 |    14 ||   148
